 Dungeon Crawl Stone Soup version 0.29-a0-338-g1ff7896281 (webtiles) character file.

Game seed: 7005226704880019915

146 Jortsu the Covered (level 5, -3/34 HPs)
             Began as a Gargoyle Fighter on Apr 18, 2022.
             Was a Believer of Makhleb.
             Slain by an ogre
             ... wielding a +0 giant club
              (24 damage)
             ... on level 4 of the Dungeon.
             The game lasted 00:03:54 (2991 turns).

Jortsu the Covered (Gargoyle Fighter)               Turns: 2991, Time: 00:03:54

Health: -3/34      AC: 14    Str: 22    XL:     5   Next: 28%
Magic:  5/5        EV:  7    Int:  8    God:    Makhleb [**....]
Gold:   116        SH:  4    Dex:  9    Spells: 4/4 levels left

rFire   . . .      SeeInvis .   a - +0 flail
rCold   . . .      Faith    .   c - +0 buckler
rNeg    + . .      Spirit   .   n - +1 chain mail
rPois   ∞          Reflect  .   (no helmet)
rElec   +          Harm     .   (no cloak)
rCorr   .          Rampage  .   (no gloves)
Will    .....                   (no boots)
Stlth   ..........              (no amulet)
HPRegen 0.11/turn               (no ring)
MPRegen 0.09/turn               (no ring)

@: no status effects
A: sickness immunity, AC +4, negative energy resistance 1, electricity
resistance, torment resistance 1, petrification resistance
a: Renounce Religion, Minor Destruction


You were on level 4 of the Dungeon.
You worshipped Makhleb.
Makhleb was pleased with you.
You visited 1 branch of the dungeon, and saw 4 of its levels.

You collected 116 gold pieces.

Inventory:

Hand Weapons
 a - a +0 flail (weapon)
Armour
 b - a +0 scale mail
 c - a +0 buckler (worn)
 n - a +1 chain mail (worn)
Jewellery
 m - an amulet of the acrobat
 p - a ring of positive energy
 q - an amulet of magic regeneration
Wands
 o - a wand of mindburst (15)
Scrolls
 k - a scroll of teleportation
 r - a scroll of identify
 t - a scroll of enchant armour
Potions
 d - a potion of might
 e - a potion of curing
 f - a potion of mutation
 h - 4 potions of magic
 i - a potion of berserk rage {unknown}
 j - a potion of lignification {unknown}
 l - 2 potions of degeneration {unknown}
 s - a potion of haste {unknown}


   Skills:
 + Level 4.4 Fighting
 + Level 3.0 Maces & Flails
 + Level 4.4 Armour
 + Level 0.3 Dodging
 + Level 3.8 Shields


You had 4 spell levels left.
You didn't know any spells.
Your spell library contained the following spells:

 Spells                   Type           Power      Damage    Failure   Level
 Sandblast                Erth           0%         2d4       99%         1
 Wereblood                Tmut           0%         N/A       100%        2
 Summon Hydra             Summ           0%         N/A       100%        7
 Sublimation of Blood     Necr           Unusable   N/A       N/A         2

Dungeon Overview and Level Annotations

Branches:
Dungeon (4/15)
 Temple: D:4-7

Altars:
Kikubaaqudgha
Makhleb


Innate Abilities, Weirdness & Mutations

You are immune to sickness and miasma.
Your stone body is resilient. (AC +4)
You are immune to poison.
You resist negative energy. (rN+)
You are resistant to electric shocks. (rElec)
You are resistant to unholy torment.
You are immune to petrification.


Message History

The giant cockroach closely misses you. x2
You hit the giant cockroach.
You kill the giant cockroach!
Makhleb accepts your kill.
You see here a giant cockroach corpse.
s - a glowing white potion
t - a scroll of enchant armour
There is a stone staircase leading down here.
You open the door.
There is an open door here.
There is an open door here.
Found an ancient bone altar of Kikubaaqudgha.
l - 2 murky amethyst potions (gained 1) Done exploring.
As you read the scroll labelled BOGOSIHAHAXT, it crumbles to dust.
Magic quickly surges around you.
It was a scroll of vulnerability.
(D) Dungeon
Where to? (Enter - D:3, ? - help)
Okay, then.
You start waiting.
You feel your willpower return.
You start waiting.
Done waiting.
(D) Dungeon
Where to? (Enter - D:3, ? - help)
There is a stone staircase leading down here.
You climb downwards.
There is a stone staircase leading up here.
Found a stone staircase leading down.
An ogre comes into view. It is wielding a +0 giant club.
The ogre shouts!
An ogre is nearby!
You hit the ogre.
The ogre is lightly wounded.
The ogre hits you with a +0 giant club!
You sock the ogre!
The ogre is severely wounded.
The ogre hits you with a +0 giant club!!
Ouch! That really hurt!
You die...

### #<# #.#
####.# . #
#.#..# ...
#.#.#..#.....
#>!@.....$...
#.#O####.#.##
# #.. .# ....
. ####.. #.
.## ## .. ##


You could see an ogre.

Vanquished Creatures
  An iguana (D:3)
  5 adders
  2 worms (D:2)
  4 endoplasms
  5 giant cockroaches
  8 goblins
  7 hobgoblins
  4 jackals (D:2)
  9 kobolds
  2 quokkas (D:1)
  7 ball pythons
  5 bats
  3 frilled lizards
  6 rats
68 creatures vanquished.

Vanquished Creatures (others)
  A fungus (D:2)
  A plant (D:2)
2 creatures vanquished.

Grand Total: 70 creatures vanquished

Notes
Turn   | Place    | Note
-------+----------+-------------------------------------------
     0 | D:1      | Jortsu the Gargoyle Fighter began the quest for the Orb.
     0 | D:1      | Reached XP level 1. HP: 14/14 MP: 1/1
   146 | D:1      | Reached XP level 2. HP: 17/19 MP: 2/2
  1034 | D:2      | Reached XP level 3. HP: 23/23 MP: 3/3
  1038 | D:2      | Found a faded altar of an unknown god.
  1046 | D:2      | Got Plato's Collected Works on Stones
  1049 | D:2      | Prayed at the altar of an unknown god.
  1049 | D:2      | Became a worshipper of Makhleb the Destroyer
  1049 | D:2      | Reached * piety under Makhleb
  1522 | D:2      | Reached XP level 4. HP: 29/29 MP: 4/4
  1732 | D:2      | Reached ** piety under Makhleb
  2105 | D:3      | Reached XP level 5. HP: 22/34 MP: 5/5
  2816 | D:3      | Found an ancient bone altar of Kikubaaqudgha.
  2988 | D:4      | Noticed an ogre
  2991 | D:4      | Slain by an ogre

Illustrated notes

Levels and vault maps discovered:
D:1:      wheals_arrival_shading, layout_basic, minmay_misc_feat_ornament
D:2:      layout_basic, shapermc_ecumenical_altar_rom_forum
D:3:      layout_basic, lemuel_coloured_pillars_altar, hangedman_decor_growths
D:4:      layout_basic, grunt_temple_overflow_champion_of_chaos,
          minmay_temple_entry_arrows

Skill      XL: |  1  2  3  4  5 |
---------------+----------------+-----
Armour         | 4 |  4.4
Fighting       | 4 |  4.4
Maces & Flails | 3 |  3.0
Dodging        | |  0.3
Shields        | |  3.8

Action                   |  1- 3 |  4- 6 || total
-------------------------+-------+-------++-------
Melee: Flail             |   130 |   114 ||   244
  Use: Scroll            |     8 |     3 ||    11
Armor: Scale mail        |    67 |    25 ||    92
       Chain mail        |       |    38 ||    38
Dodge: Dodged            |    87 |    54 ||   141
Block: Buckler           |    42 |    31 ||    73

Table legend: (Time is in decaauts)
 A = Elapsed time spent in this place.
 B = Non-inter-level travel time spent in this place.
 C = Inter-level travel time spent in this place.
 D = Time resting spent in this place.
 E = Time spent auto-exploring this place.
 F = Levels seen in this place.
 G = Mean time per level.
                   A        B        C        D        E       F      G
               +--------+--------+--------+--------+--------+-----+--------+
         Total |   3065 |   3008 |     57 |    445 |   1866 |   4 |  766.2 |
       Dungeon |   3065 |   3008 |     57 |    445 |   1866 |   4 |  766.2 |
               +--------+--------+--------+--------+--------+-----+--------+

Top non-repeatable levels by time:
     D:2: 1068 daAuts
     D:1: 1046 daAuts
     D:3: 940 daAuts
     D:4: 11 daAuts
